 Dungeon Crawl Stone Soup version 0.31-a0-1074-g0b22e4e0f1 (webtiles) character file.

Game seed: 9782356823657329974

2846 lunkers the Grappler (level 10, -3/65 (71) HPs)
             Began as a Meteoran Shapeshifter on Dec 1, 2023.
             Slain by a wight
             ... wielding a +5 hand axe
              (8 damage)
             ... on level 7 of the Dungeon.
             The game lasted 00:07:02 (2356 turns).

lunkers the Grappler (Meteoran Shapeshifter)        Turns: 2356, Time: 00:07:02

HP:   -3/65 (71)    AC: 10    Str: 19    XL:     10   Next: 24%
MP:   11/11         EV: 21    Int: 11    God:
Gold: 995           SH:  5    Dex: 16    Spells: 9/9 levels left

rFire   . .          .
                       - Unarmed
rCold   . . .        (shield currently unavailable)
rNeg    . . .        o - +1 ring mail
rPois   .            u - +0 helmet
rElec   .            s - +0 cloak
rCorr   .            C - +1 pair of gloves
SInv    .            (no boots)
Will    +....        f - amulet of reflection
Stlth   +            j - +5 ring of evasion
HPRegen 0.30/turn    k - +5 ring of evasion
MPRegen 0.12/turn

%: reflection
@: flux-form, glowing, drained
A: glow, contaminating, sense surroundings 2, otherworldly, glowing, explore
regen
a: Begin Untransformation


You were on level 7 of the Dungeon.
You were something dangerously unstable.
You visited 1 branch of the dungeon, and saw 8 of its levels.

You collected 995 gold pieces.

Inventory:

Armour
 a - a +0 animal skin
 o - a +1 ring mail (worn)
 s - a +0 cloak (worn)
 u - a +0 helmet (worn)
 C - a +1 pair of gloves (worn)
Jewellery
 f - an amulet of reflection (around neck)
 g - a +6 ring of strength
 j - a +5 ring of evasion (left hand)
 k - a +5 ring of evasion (right hand)
 t - a ring of fire
 y - a +6 ring of intelligence
Talismans
 c - a beast talisman
 d - a flux talisman (active)
Wands
 x - a wand of flame (11)
Scrolls
 e - a scroll of vulnerability
 i - 2 scrolls of enchant armour
 n - 5 scrolls of amnesia
Potions
 b - 3 potions of lignification
 h - a potion of mutation {unknown}
 l - 2 potions of heal wounds
 m - a potion of cancellation {unknown}
 p - 2 potions of curing
 q - 3 potions of brilliance
 r - a potion of haste {unknown}
 v - a potion of invisibility {unknown}
 w - a potion of degeneration {unknown}


   Skills:
 - Level 1.1 Fighting
 - Level 2.1 Dodging
 * Level 13.1 Unarmed Combat
 + Level 9.2 Shapeshifting


You had 9 spell levels left.
You didn't know any spells.
Your spell library contained the following spells:

 Spells                   Type           Power      Damage    Failure   Level
 Vhi's Electric Charge    Tloc/Air       0%         N/A       99%         4
 Arcjolt                  Conj/Air       0%         1d10      100%        5
 Maxwell's Capacitive Co  Air            0%         ∞         100%        8


Dungeon Overview and Level Annotations

Branches:
Dungeon (8/15) Zot: 2484
 Temple: D:4-7         Lair: D:8-11

Altars:
Qazlal
Vehumet
Yredelemnul
The Shining One

Shops:
D:8 *

Annotations:
D:5 1 runed translucent door


Innate Abilities, Weirdness & Mutations

You are something dangerously unstable.
You glow with magical radiation, making you easy to see and hit.
Foes you strike become dangerously contaminated with magical radiation.
You are incapable of wielding weapons or throwing items.
You passively map the area around you.
You are easily found by Zot.
You glow in the dark.
You regain HP and MP as you explore.


Message History

You hit the wight.
The wight begins to glow.
The wight is lightly damaged.
The wight misses you.
The wight hits you with a +4 hand axe of freezing.
* * * LOW HITPOINT WARNING * * *
The wight freezes you.
* * * LOW HITPOINT WARNING * * *
You hit the wight.
The wight begins to glow.
The wight is moderately damaged.
You barely miss the wight.
The wight is lightly damaged.
The wight hits you with a +5 hand axe.
* * * LOW HITPOINT WARNING * * *
You feel drained.
* * * LOW HITPOINT WARNING * * *
The wight closely misses you.
You hit the wight but do no damage.
The wight glows dangerously bright.
The wight is lightly damaged.
The wight misses you.
The wight hits you with a +4 hand axe of freezing!
* * * LOW HITPOINT WARNING * * *
You feel drained.
* * * LOW HITPOINT WARNING * * *
The wight freezes you.
* * * LOW HITPOINT WARNING * * *
You hit the wight.
The wight glows dangerously bright.
The wight is heavily damaged.
The wight hits you with a +5 hand axe!
* * * LOW HITPOINT WARNING * * *
You feel drained.
* * * LOW HITPOINT WARNING * * *
The wight barely misses you.
Unknown command.
You hit the wight.
The wight shudders as magic cascades through it!!
You destroy the wight!
You barely miss the wight.
The wight is heavily damaged.
The wight hits you with a +5 hand axe!
You die...

#......... * * *
#......... * ,,
#........., #######
#_........ ,,
,....... #.........
, ,, .......
#......... ,
.......##.........
,
......)#..>.......,
,,
,......)p..########
* ......z..## , , ,
,.#.####..# , ....#
* , , ..##.# * * *
* *, ,...#,..# , ,,
..., ### * , *, ..,
,* , , * ,**, ,, ,,
* , ,


You could see a wight (heavy contam).

Vanquished Creatures
  Pikel (D:6)
  The ghost of javelincjr the Magician, a novice DECj of Sif Muna (D:5)
  A wyvern (D:6)
  Menkaure (D:6)
  An orc warrior (D:6)
  3 black bears
  An ogre (D:4)
  A phantom (D:5)
  2 kobold brigands (D:6)
  2 bullfrogs
  A gnoll sergeant (D:8)
  2 scorpions
  7 wights
  A howler monkey (D:5)
  2 orc priests (D:5)
  2 hounds (D:5)
  A jelly (D:5)
  Crazy Yiuf (D:3)
  An iguana (D:6)
  A sleepcap (D:5)
  An orc wizard (D:5)
  Robin (D:3)
  7 gnolls
  12 adders
  2 white imps
  2 worms (D:5)
  3 orcs
  3 ball pythons
  3 endoplasms
  2 giant cockroaches
  15 goblins
  4 hobgoblins
  2 jackals (D:1)
  A quokka (D:4)
  3 bats
  3 frilled lizards
  11 kobolds
  3 rats
111 creatures vanquished.

Notes
Turn   | Place    | Note
-------+----------+-------------------------------------------
     0 | D:1      | lunkers the Meteoran Shapeshifter began the quest for the
                  | Orb.
     0 | D:1      | Reached XP level 1. HP: 16/16 MP: 2/2
    79 | D:1      | Reached XP level 2. HP: 20/23 MP: 3/3
   115 | D:1      | Reached skill level 4 in Unarmed Combat
   268 | D:2      | Reached XP level 3. HP: 6/28 MP: 4/4
   336 | D:2      | Reached XP level 4. HP: 25/35 MP: 5/5
   339 | D:2      | Reached skill level 5 in Unarmed Combat
   723 | D:3      | Found a basalt altar of Yredelemnul.
   777 | D:3      | Found a runed translucent door.
   778 | D:3      | Noticed Crazy Yiuf
   848 | D:3      | Killed Crazy Yiuf
   849 | D:3      | Reached XP level 5. HP: 40/40 MP: 3/6
   939 | D:3      | Noticed Robin
   950 | D:3      | Killed Robin
  1098 | D:4      | Noticed an ogre
  1108 | D:4      | Killed an ogre
  1109 | D:4      | Reached skill level 6 in Unarmed Combat
  1109 | D:4      | Reached skill level 5 in Shapeshifting
  1109 | D:4      | Reached XP level 6. HP: 47/47 MP: 7/7
  1210 | D:4      | Noticed a black bear
  1217 | D:4      | Killed a black bear
  1218 | D:4      | Reached skill level 7 in Unarmed Combat
  1218 | D:4      | Reached XP level 7. HP: 46/52 MP: 8/8
  1245 | D:4      | Identified a scroll of acquirement
  1248 | D:4      | Acquired 855 gold pieces
  1274 | D:5      | Entered Level 5 of the Dungeon
  1313 | D:5      | Reached skill level 8 in Unarmed Combat
  1442 | D:5      | Reached XP level 8. HP: 59/59 MP: 9/9
  1472 | D:5      | Found a runed translucent door.
  1474 | D:5      | Noticed javelincjr's ghost (novice DECj)
  1563 | D:5      | Reached skill level 9 in Unarmed Combat
  1577 | D:5      | Killed javelincjr's ghost
  1610 | D:5      | Found a runed translucent door.
  1724 | D:5      | Reached skill level 10 in Unarmed Combat
  1845 | D:6      | Gained mutation: You passively map the area around you.
                  | [Meteoran growth]
  1845 | D:6      | Reached XP level 9. HP: 56/64 MP: 10/10
  1877 | D:6      | Noticed Pikel
  1892 | D:6      | Killed Pikel
  1893 | D:6      | Reached skill level 11 in Unarmed Combat
  1962 | D:6      | Reached skill level 12 in Unarmed Combat
  1966 | D:6      | Found a glowing golden altar of the Shining One.
  2125 | D:6      | Found a stormy altar of Qazlal.
  2161 | D:6      | Reached XP level 10. HP: 71/71 MP: 11/11
  2167 | D:6      | Noticed Menkaure
  2179 | D:6      | Killed Menkaure
  2220 | D:6      | You fall into a shaft and drop 2 floors!
  2277 | D:8      | Found Jiot's General Store.
  2332 | D:7      | Found a radiant altar of Vehumet.
  2349 | D:7      | Reached skill level 13 in Unarmed Combat
  2356 | D:7      | Slain by a wight

Illustrated notes

Levels and vault maps discovered:
D:1:      matt_arrival_los_fun, layout_basic,
          dreamdust_ecumenical_altar_hidden_monk_grotto
D:2:      layout_loops_ring
D:3:      layout_basic, mainiacjoe_overflow_24_doors, serial_rivers,
          chequers_serial_rivers_room_a, chequers_serial_rivers_small_3,
          chequers_serial_rivers_marsh, chequers_serial_rivers_micro_a,
          uniq_robin, uniq_sigmund, uniq_crazy_yiuf_cottage
D:4:      layout_basic
D:5:      layout_basic, lemuel_doored_altar, ebering_ghost_sewer_f
D:6:      layout_basic, lightli_temple_of_fire, mainiacjoe_overflow_alcove_4,
          nicolae_qazlal_general_emergency, minmay_unpleasant_kobolds,
          uniq_pikel, uniq_grinder, uniq_menkaure
D:7:      layout_rooms, overflow_temple_1_default, kennysheep_little_box,
          minmay_temple_entry_statues_pillars, enter_bailey_5,
          nicolae_shop_unique_rings
D:8:      layout_basic, serial_shops, shop, shop, shop, nicolae_take_the_stairs,
          uniq_amaemon

Skill      XL: |  1  2  3  4  5  6  7  8  9 10 |
---------------+-------------------------------+-----
Unarmed Combat | 4 5 6 7 8 10 12 13 | 13.1
Shapeshifting  | 4 5 6 7 8 9 |  9.2
Fighting       | |  1.1
Dodging        | |  2.1

Action                     |  1- 3 |  4- 6 |  7- 9 | 10-12 || total
---------------------------+-------+-------+-------+-------++-------
  Melee: Unarmed           |    51 |   101 |   182 |    49 ||   383
         Punch             |     5 |     2 |       |       ||     7
    Use: Scroll            |       |       |     7 |     5 ||    12
         Potion            |       |       |     1 |       ||     1
 Armour: Animal skin       |    26 |     1 |       |       ||    27
         Ring mail         |       |    15 |    43 |    19 ||    77
         Skin              |       |       |     8 |       ||     8
  Dodge: Dodged            |    35 |    61 |   116 |    27 ||   239
  Block: Other             |     2 |    16 |    31 |     6 ||    55
   Form: Flux              |       |       |     1 |       ||     1

Table legend: (Time is in decaauts)
 A = Elapsed time spent in this place.
 B = Non-inter-level travel time spent in this place.
 C = Inter-level travel time spent in this place.
 D = Time resting spent in this place.
 E = Time spent auto-exploring this place.
 F = Levels seen in this place.
 G = Mean time per level.
                   A        B        C        D        E       F      G
               +--------+--------+--------+--------+--------+-----+--------+
         Total |   2314 |   2314 |      0 |     24 |   1435 |   8 |  289.2 |
       Dungeon |   2314 |   2314 |      0 |     24 |   1435 |   8 |  289.2 |
               +--------+--------+--------+--------+--------+-----+--------+

Top non-repeatable levels by time:
     D:5: 516 daAuts
     D:3: 424 daAuts
     D:2: 402 daAuts
     D:6: 397 daAuts
     D:1: 244 daAuts
     D:4: 201 daAuts
     D:8: 108 daAuts
     D:7: 19 daAuts
